[Event "Early-Titled-Tuesday-Blitz-October-17-2023"]
[Site "Chess.com"]
[Date "2023.10.17"]
[Round "1"]
[White "carokannlover213"]
[Black "iJueles"]
[Result "1-0"]
[WhiteElo "2728"]
[BlackElo "2442"]
[TimeControl "180+1"]
[EndTime "8:07:15 PDT"]
[Termination "carokannlover213 won by resignation"]

1. e4 c6 2. d4 d5 3. e5 Bf5 4.
Nd2 e6 5. Nb3 Nd7 6. Nf3 h6 7.
Be2 Ne7 8. O-O g5 9. a4 Qc7 10. Ne1 Bg7 11. Nd3 Ng6 12. Bd2 O-O 13. Ndc5 Nxc5 14.
Nxc5 Nf4 15. Bf3 b6 16. Nb3 f6 17. exf6 Rxf6 18. Bg4 Bxg4 19. Qxg4 Raf8 20. Rae1 Qf7 21. Bxf4 gxf4 22. Qf3 Rg6 23. Kh1 Qf5 24. Re2 Kh7 25.
Rfe1 Re8 26. c3 h5 27. h3 Kg8 28. Nc1 Kf7 29. Nd3 Bf6 30. Ne5+ Bxe5 31. Rxe5 Qf6 32. Rxh5 Reg8 33. Rh7+ Ke8 34. Rg1 R6g7 35. Qh5+ Ke7 36. Rh6 Qf7 37. Qh4+ Kd7 38. Rf6 Qe7 39. Rxf4 Qd6 40. Rf6 Qe7 41. Rh6 Qf7 42. Qf6 Qe8 43.
Qf3 Rf7 44. Qe2 Qf8 45. Qxe6+ 1-0

[Event "Early-Titled-Tuesday-Blitz-October-17-2023"]
[Site "Chess.com"]
[Date "2023.10.17"]
[Round "1"]
[White "lefonghua"]
[Black "Happy1712Drummer"]
[Result "1-0"]
[WhiteElo "2667"]
[BlackElo "2385"]
[TimeControl "180+1"]
[EndTime "8:07:16 PDT"]
[Termination "lefonghua won by checkmate"]

1. d4 Nf6 2. c4 e6 3. Nc3 Bb4 4. f3 c5 5. a3 Bxc3+ 6. bxc3 Nc6 7.
e4 d6 8. Be3 b6 9. Bd3 Na5 10. Ne2 Ba6 11. Ng3 O-O 12. Qe2 Rc8 13.
Rc1 Qc7 14. d5 Nd7 15. Bf4 exd5 16. cxd5 c4 17. Bc2 Nc5 18. Nf5 Rcd8 19. Qf2 Rfe8 20. Qg3 f6 21. Nxd6 Rf8 22. Nf5 Qd7 23. O-O Kh8 24. Nd4 Nab3 25. Bxb3 cxb3 26. Rfd1 Qa4 27.
Bd6 b2 28. Rb1 Bc4 29. Bxf8 Rxf8 30. Rd2 Ba2 31. Rbxb2 Bc4 32. Nf5 Rg8 33. Ne7 Rf8 34. Nf5 Rg8 35. d6 Qxa3 36. h4 Nd7 37. Ne7 Qa1+ 38.
Kh2 Rf8 39. Nf5 Ne5 40. Qxg7# 1-0

[Event "Early-Titled-Tuesday-Blitz-October-17-2023"]
[Site "Chess.com"]
[Date "2023.10.17"]
[Round "1"]
[White "crazy_but_lazy"]
[Black "giomar27"]
[Result "1-0"]
[WhiteElo "2616"]
[BlackElo "2303"]
[TimeControl "180+1"]
[EndTime "8:07:16 PDT"]
[Termination "crazy_but_lazy won by resignation"]

1. e4 e5 2. Nf3 Nc6 3. Bc4 Nf6 4. d3 h6 5. c3 g5 6. O-O Bg7 7. Re1 g4 8. Nfd2 d5 9. Bb3 O-O 10. Nf1 h5 11. Bg5 Be6 12. Ne3 dxe4 13. Bxe6 fxe6 14.
dxe4 Qxd1 15. Nxd1 Rad8 16. Na3 Rd7 17. Nc2 Ne7 18.
Nde3 Ng6 19. Bxf6 Bxf6 20. Rad1 Rfd8 21. Rxd7 Rxd7 22. Rd1 Rd6 23. g3 Kf7 24. Kf1 Bg5 25. Ke2 Ke7 26. Rh1 b5 27. a4 a6 28. axb5 axb5 29. Ra1 c6 30. Ra7+ Rd7 31. Ra8 Rd8 32. Ra6 Kd6 33. Nb4 Rc8 34. Nd3 Kc7 35. Ra7+ Kb6 36.
Rg7 Bxe3 37. Kxe3 Nf8 38. Nxe5 Ra8 39. Rf7 Kc5 40. Rxf8 Rxf8 41. Nd7+ Kc4 42. Nxf8 Kb3 43. Nxe6 Kxb2 44. Nd4 Kxc3 45. Nxc6 b4 46. Nxb4 1-0

[Event "Early-Titled-Tuesday-Blitz-October-17-2023"]
[Site "Chess.com"]
[Date "2023.10.17"]
[Round "1"]
[White "FunnyDuck66"]
[Black "Hrant_ChessMood"]
[Result "0-1"]
[WhiteElo "2513"]
[BlackElo "2946"]
[TimeControl "180+1"]
[EndTime "8:07:17 PDT"]
[Termination "Hrant_ChessMood won on time"]

1. d4 Nf6 2. Nf3 b6 3. Bg5 Bb7 4. Nbd2 g6 5. c3 Bg7 6. Qc2 d5 7. e3 Nbd7 8. Be2 O-O 9. O-O c5 10. b4 Qc7 11. Qb2 Rfe8 12. Bf4 Qc8 13. h3 Ba6 14.
Bxa6 Qxa6 15. a4 Qd3 16. Rfd1 Rec8 17. Rac1 h5 18. Ne5 Qf5 19. Ndf3 Ne4 20. bxc5 bxc5 21. Qb7 Nxe5 22. Nxe5 Bxe5 23. dxe5 g5 24. Bg3 h4 25. Bh2 Qxf2+ 26. Kh1 Qxe3 27. Bg1 Ng3+ 28. Kh2 Qxe5 29.
Re1 Ne4+ 30. Kh1 e6 31. Bh2 Qg7 32. Rf1 c4 33. Rf3 Rf8 34. Re1 f5 35. Qc6 Rfe8 36. Qa6 f4 37. Rff1 Qxc3 38. Rb1 Qf6 39. Rb7 e5 40.
Rc7 Qxa6 0-1

[Event "Early-Titled-Tuesday-Blitz-October-17-2023"]
[Site "Chess.com"]
[Date "2023.10.17"]
[Round "1"]
[White "Eagle_2019"]
[Black "N4700000"]
[Result "1-0"]
[WhiteElo "2736"]
[BlackElo "2446"]
[TimeControl "180+1"]
[EndTime "8:07:17 PDT"]
[Termination "Eagle_2019 won by resignation"]

1. d4 Nf6 2. Nf3 g6 3. g3 Bg7 4. Bg2 O-O 5. O-O d5 6. c4 c6 7. cxd5 cxd5 8. Nc3 Ne4 9. Nxe4 dxe4 10. Ne5 Nd7 11.
Bf4 Nf6 12. Rc1 Be6 13. Qa4 Qb6 14. Nc4 Qd8 15. Be5 Bd5 16. Ne3 Bc6 17. Qa3 Qd7 18.
Rfd1 Rfc8 19. d5 Bb5 20. Rxc8+ Rxc8 21. Qxa7 Bxe2 22. Re1 Bd3 23. Qd4 Nh5 24. Bxg7 Nxg7 25. Bxe4 Bxe4 26. Qxe4 Nf5 27. Nxf5 Qxf5 28. Qxf5 gxf5 29.
Rxe7 Rc2 30. Rxb7 Rd2 31. Rb5 Kf8 32. a4 Ke7 33. a5 Kd6 34. a6 Rd1+ 35. Kg2 Ra1 36.
Rb6+ Kxd5 37. Rf6 Ke5 38. Rxf7 Rxa6 39. Rxh7 Rb6 40. Re7+ Kf6 41. Re2 Rb3 42. f4 1-0

[Event "Early-Titled-Tuesday-Blitz-October-17-2023"]
[Site "Chess.com"]
[Date "2023.10.17"]
[Round "1"]
[White "jaskol95"]
[Black "cristiano78"]
[Result "1-0"]
[WhiteElo "2591"]
[BlackElo "2258"]
[TimeControl "180+1"]
[EndTime "8:07:19 PDT"]
[Termination "jaskol95 won on time"]

1. d4 Nf6 2. c4 g6 3. g3 Bg7 4. Bg2 d6 5. Nf3 O-O 6. Nc3 Nc6 7. O-O Bf5 8. Nh4 Bd7 9. e4 e5 10. d5 Nd4 11. Ne2 Nxe2+ 12. Qxe2 Bg4 13. Bf3 Bh3 14. Bg2 Qd7 15. Bg5 Bxg2 16. Kxg2 Nh5 17.
Be3 Bf6 18. Nf5 Ng7 19. Nh6+ Kh8 20. b4 Be7 21. f4 exf4 22. gxf4 f5 23. e5 c6 24. e6 Qe8 25. Rad1 cxd5 26. cxd5 Bf6 27. Bd4 Qe7 28. Qb2 Bxd4 29. Qxd4 Rac8 30. Rc1 b6 31. Rc3 Rxc3 32. Qxc3 Qb7 33. Rd1 Rc8 34. Qf6 Rc2+ 35. Kh3 Qc8 36. Rd3 Qe8 37. e7 Rc8 38. Nf7+ Kg8 39.
Nxd6 1-0

[Event "Early-Titled-Tuesday-Blitz-October-17-2023"]
[Site "Chess.com"]
[Date "2023.10.17"]
[Round "1"]
[White "Witik"]
[Black "Lion_DL"]
[Result "1-0"]
[WhiteElo "2817"]
[BlackElo "2478"]
[TimeControl "180+1"]
[EndTime "8:07:20 PDT"]
[Termination "Witik won by resignation"]

1. e4 c5 2. d4 cxd4 3. c3 Nf6 4. e5 Nd5 5. Nf3 e6 6. cxd4 d6 7. Bc4 Nb6 8. Bd3 Nc6 9. O-O Be7 10. Nc3 Nb4 11.
Be4 N4d5 12. Qd3 Nxc3 13. Qxc3 Bd7 14. Bf4 Rc8 15. Qd3 Bc6 16. Rac1 dxe5 17. Bxc6+ bxc6 18. Nxe5 Nd5 19. Qg3 Nxf4 20. Qxf4 O-O 21. Nxc6 Qd7 22. Ne5 Qb7 23. Rxc8 Qxc8 24. Rc1 Qb7 25. b3 Bf6 26.
Rc4 Rc8 27. h3 h6 28. Qf3 Rc7 29. Qxb7 Rxb7 30. Kf1 Kf8 31. Ke2 Ke7 32. f4 Kd6 33.
Kd3 Bd8 34. Rc6+ Ke7 35. Ra6 Bb6 36. Ke4 Rc7 37. Nc4 Rc6 38. a4 f5+ 39. Kd3 Kf6 40.
a5 Bd8 41. Rxc6 1-0

[Event "Early-Titled-Tuesday-Blitz-October-17-2023"]
[Site "Chess.com"]
[Date "2023.10.17"]
[Round "1"]
[White "yosephtaher"]
[Black "ploxoi"]
[Result "0-1"]
[WhiteElo "2755"]
[BlackElo "2473"]
[TimeControl "180+1"]
[EndTime "8:07:20 PDT"]
[Termination "ploxoi won by resignation"]

1. d4 d5 2. Nc3 e6 3. e4 Bb4 4.
e5 Ne7 5. a3 Bxc3+ 6. bxc3 c5 7. Nf3 h6 8. Bd2 O-O 9. g4 b6 10. h4 Ba6 11. h5 Bxf1 12. Rxf1 Nbc6 13. g5 Nf5 14. Rg1 Kh8 15. Qc1 cxd4 16. gxh6 gxh6 17.
Bxh6 Rg8 18. Bg5 Qf8 19. Bf6+ Kh7 20. Ng5+ Rxg5 21. Qxg5 dxc3 22. Rd1 Ncd4 23. Rd3 Rc8 24. Kf1 Nxc2 25. h6 Ncd4 26. Qg7+ Qxg7 27. hxg7 c2 28.
Rh3+ Nh6 29. Kg2 Ne2 30. Bg5 Nxg1 31. Rxh6+ Kxg7 32. Rh1 c1=Q 33. Bxc1 Rxc1 34. f4 Kg6 35. Kg3 Ne2+ 36. Kg4 Rxh1 37. f5+ exf5+ 38. Kf3 Nd4+ 39. Ke3 Ne6 40. Kd3 Rh3+ 41. Kc2 Rxa3 42. Kb2 Ra4 43. Kc2 Re4 0-1

[Event "Early-Titled-Tuesday-Blitz-October-17-2023"]
[Site "Chess.com"]
[Date "2023.10.17"]
[Round "1"]
[White "Tobias_Koelle"]
[Black "Art10ECHR"]
[Result "1-0"]
[WhiteElo "2955"]
[BlackElo "2515"]
[TimeControl "180+1"]
[EndTime "8:07:21 PDT"]
[Termination "Tobias_Koelle won by resignation"]

1. d4 d5 2. Nc3 Nf6 3. Bf4 c5 4. e4 Nxe4 5. Nxe4 dxe4 6. dxc5 Qa5+ 7. c3 Qxc5 8. Qa4+ Nc6 9. Qxe4 Bf5 10. Qa4 g6 11. Nf3 Bg7 12. Rc1 O-O 13. Be3 Qa5 14. Qxa5 Nxa5 15. Nd4 Bd7 16. Be2 Nc6 17. Nb3 b6 18.
O-O Be6 19. Ba6 Rad8 20. f3 Ne5 21. Rcd1 Bc4 22. Bxc4 Nxc4 23. Bc1 e5 24. Kf2 f5 25.
Ke2 Kf7 26. Na1 Ke6 27. Nc2 a5 28. b3 Nd6 29. c4 e4 30. Ba3 Rfe8 31. Rd5 exf3+ 32.
Kxf3 Ne4 33. Rfd1 Rxd5 34. Rxd5 Be5 35. h3 g5 36. g4 Nc3 37. gxf5+ Kxf5 38. Rd2 h5 39.
Ne3+ Ke6 40. Nd5 Nb1 41. Re2 Nxa3 42. Nc7+ Kf5 43. Nxe8 g4+ 44. hxg4+ hxg4+ 45. Kg2 Nb1 46. Rf2+ Ke4 47. Nf6+ Bxf6 48. Rxf6 Nc3 49. Rxb6 Nxa2 50. Kg3 Nc1 51. Kxg4 Kd4 52. Rb5 a4 53. bxa4 Kxc4 54. Rb8 Nd3 55. a5 Nc5 56. Rb6 Kd5 57. a6 1-0

[Event "Early-Titled-Tuesday-Blitz-October-17-2023"]
[Site "Chess.com"]
[Date "2023.10.17"]
[Round "1"]
[White "Escudito"]
[Black "Iball95"]
[Result "0-1"]
[WhiteElo "2474"]
[BlackElo "2813"]
[TimeControl "180+1"]
[EndTime "8:07:21 PDT"]
[Termination "Iball95 won by resignation"]

1. d4 d5 2. Nf3 Nf6 3. c4 e6 4. Nc3 c5 5. cxd5 exd5 6. g3 Nc6 7.
Bg2 Be7 8. O-O O-O 9. Bg5 c4 10. Ne5 Be6 11. f4 Ne8 12. Bxe7 Nxe7 13. e4 dxe4 14.
Bxe4 Nf6 15. Bg2 Ned5 16. Qe2 Rc8 17. Rad1 Re8 18. Rfe1 a6 19. h3 b5 20. Qf3 Qb6 21.
Kh2 Nxc3 22. bxc3 Bd5 23. Qf2 b4 24. g4 bxc3 25. g5 Bxg2 26. Qxg2 Nh5 27. Qf3 g6 28. Qxc3 Nxf4 29. Rf1 Nd3 30. Rxd3 cxd3 31. Qxd3 Qb2+ 32. Kh1 Rxe5 33. dxe5 Qxe5 34. Qd7 Rf8 35. Qg4 Qd5+ 36. Kg1 Qxa2 37. Rf2 Qb1+ 38. Kg2 a5 39. h4 Qb7+ 40. Kh2 Qc7+ 41. Kg2 Qc6+ 42. Kh2 a4 43. h5 gxh5 44.
Qxh5 a3 45. Qh3 Qd6+ 46. Kg2 Qd5+ 47. Qf3 Qxf3+ 48. Kxf3 Ra8 49. Ra2 Kg7 50. Ke3 Kg6 51. Kd3 Kxg5 0-1

[Event "Early-Titled-Tuesday-Blitz-October-17-2023"]
[Site "Chess.com"]
[Date "2023.10.17"]
[Round "1"]
[White "krzyzan94"]
[Black "JoliyRoger"]
[Result "1-0"]
[WhiteElo "2793"]
[BlackElo "2457"]
[TimeControl "180+1"]
[EndTime "8:07:21 PDT"]
[Termination "krzyzan94 won by checkmate"]

1. e4 c6 2. d4 d5 3. e5 Bf5 4.
c4 e6 5. Nc3 Nd7 6. cxd5 cxd5 7. Nge2 Bb4 8. Ng3 Bg6 9. h4 h6 10. Bd3 Bxd3 11. Qxd3 Ne7 12. O-O O-O 13. Nce2 Nc6 14.
h5 Rc8 15. a3 Be7 16. Nf4 Na5 17. Nge2 Qb6 18. b4 Nc4 19. Nh3 a5 20. Rb1 axb4 21. axb4 Qa6 22. Qg3 Kh8 23. Bf4 Ncxe5 24. Bxe5 Nxe5 25.
Qxe5 Rc2 26. Nef4 Bf6 27. Qe3 Rc4 28. Rfd1 Qb6 29. Ne2 Rxb4 30. Rxb4 Qxb4 31. Nhf4 Rc8 32. Qd3 Qd6 33. Rb1 b6 34. g3 Bd8 35. Kg2 Bc7 36. Rc1 Qd7 37. Qa6 Rb8 38. Qa7 Rc8 39. Qb7 Qd8 40.
Rc6 b5 41. Qxb5 Bxf4 42. Rxc8 Qxc8 43. Nxf4 Qc3 44. Qe8+ Kh7 45. Qxf7 Qxd4 46. Qg6+ Kg8 47. Qxe6+ Kh8 48. Qe8+ Kh7 49. Qg6+ Kh8 50. Qf5 Qc4 51. Ng6+ Kg8 52. Qf8+ Kh7 53. Qh8# 1-0

[Event "Early-Titled-Tuesday-Blitz-October-17-2023"]
[Site "Chess.com"]
[Date "2023.10.17"]
[Round "1"]
[White "Mr_ruthless"]
[Black "sokidze"]
[Result "1-0"]
[WhiteElo "2473"]
[BlackElo "2775"]
[TimeControl "180+1"]
[EndTime "8:07:21 PDT"]
[Termination "Mr_ruthless won by resignation"]

1. e4 c5 2. Nf3 Nc6 3. d4 cxd4 4. Nxd4 g6 5. Nc3 Bg7 6. Be3 Nf6 7. Be2 O-O 8. O-O d5 9. exd5 Nxd5 10. Nxd5 Nxd4 11. Bxd4 Qxd5 12. Bxg7 Qxd1 13. Raxd1 Kxg7 14. Bf3 Be6 15.
Bd5 Bxd5 16. Rxd5 Rfd8 17. Rfd1 Rxd5 18. Rxd5 Rc8 19. c3 Rc7 20. Kf1 e6 21. Rd8 h5 22.
Ke2 Kf6 23. Ke3 Ke7 24. Rd4 e5 25. Rd5 Ke6 26. Rd8 a6 27. h4 Kf5 28. g3 Ke6 29.
Re8+ Kd6 30. f4 exf4+ 31. Kxf4 Rc4+ 32. Re4 Rxe4+ 33. Kxe4 b5 34. Kd4 f6 35. b4 g5 36. c4 bxc4 37. Kxc4 Ke5 38. a4 gxh4 39. gxh4 f5 40. a5 f4 41. b5 f3 42. Kd3 axb5 43. a6 b4 44. a7 1-0

[Event "Early-Titled-Tuesday-Blitz-October-17-2023"]
[Site "Chess.com"]
[Date "2023.10.17"]
[Round "1"]
[White "Sofia_Blokhin"]
[Black "aghasiyevkamal"]
[Result "0-1"]
[WhiteElo "2309"]
[BlackElo "2618"]
[TimeControl "180+1"]
[EndTime "8:07:22 PDT"]
[Termination "aghasiyevkamal won on time"]

1. d4 d6 2. e4 Nf6 3. Nc3 Nbd7 4.
f3 e5 5. Be3 c6 6. Qd2 Be7 7. O-O-O Qa5 8. Kb1 b5 9. a3 Rb8 10. g4 b4 11. Na2 c5 12. dxc5 dxc5 13. g5 Nh5 14. Bc4 Nb6 15. axb4 cxb4 16. Bb3 O-O 17.
Qg2 Be6 18. Bxe6 fxe6 19. Qg4 g6 20. Qxe6+ Rf7 21. Ne2 Ng7 22. Qb3 Qa6 23. Ng3 Nc4 24. Bc1 Qc6 25. Rd5 a5 26. Rhd1 Ne6 27. Ne2 a4 28. Qd3 b3 29. Nac3 bxc2+ 30. Kxc2 Bb4 31. h4 a3 32. b3 Nb6 33. h5 Rc8 34. Bd2 Nd4+ 35. Nxd4 exd4 36. Qxd4 Nxd5 37. exd5 Qc5 38. Qc4 Qxc4 39. bxc4 Rxc4 40. Kb3 Rh4 41. f4 Rb7 42. d6 Rh3 43. d7 Bxc3+ 0-1

[Event "Early-Titled-Tuesday-Blitz-October-17-2023"]
[Site "Chess.com"]
[Date "2023.10.17"]
[Round "1"]
[White "Dewarfd"]
[Black "TimGrutter03"]
[Result "0-1"]
[WhiteElo "2170"]
[BlackElo "2557"]
[TimeControl "180+1"]
[EndTime "8:07:22 PDT"]
[Termination "TimGrutter03 won on time"]

1. d4 d5 2. e3 g6 3. Nf3 Bg7 4.
Be2 c5 5. dxc5 Qa5+ 6. Nbd2 Qxc5 7. O-O Nf6 8. a3 Qc7 9. c4 O-O 10. Nd4 e5 11. Nb5 Qe7 12. Nf3 Rd8 13. cxd5 Nxd5 14.
Qc2 a6 15. Nc3 Nxc3 16. Qxc3 Nc6 17. e4 Nd4 18. Bd1 Bg4 19. Bg5 Nxf3+ 20. gxf3 Qxg5 21. fxg4 Rac8 22. Qf3 Rc6 23. Bb3 Rf6 24. Qg3 h5 25. h4 Qxg4 26. Qxg4 hxg4 27. Rad1 Rd4 28.
Bd5 b6 29. b4 Rf3 30. Rxd4 exd4 31. a4 Bf6 32. Rc1 Rc3 33. Rd1 d3 0-1

[Event "Early-Titled-Tuesday-Blitz-October-17-2023"]
[Site "Chess.com"]
[Date "2023.10.17"]
[Round "1"]
[White "GMKrikor"]
[Black "WindWhistler11"]
[Result "1-0"]
[WhiteElo "2821"]
[BlackElo "2480"]
[TimeControl "180+1"]
[EndTime "8:07:26 PDT"]
[Termination "GMKrikor won by resignation"]

1. Nf3 Nf6 2. c4 d6 3. d4 Nbd7 4. Nc3 e5 5. e4 Be7 6. Be2 O-O 7.
O-O c6 8. Be3 Ng4 9. Bd2 Qc7 10.
h3 Ngf6 11. Be3 Re8 12. d5 Nf8 13. Rc1 Ng6 14. Re1 Bd7 15. b4 a5 16. dxc6 bxc6 17.
b5 c5 18. a4 Be6 19. Bf1 Nd7 20. Nd5 Bxd5 21. cxd5 Nb6 22. Nd2 h6 23. g3 Bg5 24.
Bxg5 hxg5 25. Nc4 Nf8 26. Nxb6 Qxb6 27. Qg4 Qd8 28. Kg2 Nd7 29. Bd3 Nb6 30. Bc2 Rc8 31. Rh1 Qf6 32. h4 gxh4 33. Rxh4 g6 34. Rch1 Kf8 35.
Qe2 Ke7 36. Qd2 Ra8 37. Rh7 Rg8 38. Bb3 g5 39. Bd1 Rg6 40. Bg4 Nxa4 41. Bf5 Rg7 42. R7h6 Qxh6 43. Rxh6 Nb6 44. Rh5 Kf6 45. Rh1 a4 46.
Ra1 Rgg8 47. Bg4 Ra7 48. Qe2 a3 49. Qf3+ Ke7 50. Rxa3 Rga8 51. Rxa7+ Rxa7 52. Qf5 1-0

[Event "Early-Titled-Tuesday-Blitz-October-17-2023"]
[Site "Chess.com"]
[Date "2023.10.17"]
[Round "1"]
[White "kikoveiga"]
[Black "valemava"]
[Result "1-0"]
[WhiteElo "2592"]
[BlackElo "2259"]
[TimeControl "180+1"]
[EndTime "8:07:26 PDT"]
[Termination "kikoveiga won by checkmate"]

1. e4 c5 2. Nf3 Qa5 3. c3 Nc6 4. Bc4 e6 5. O-O b5 6. Bb3 c4 7. Bc2 Bb7 8. b3 cxb3 9. Bxb3 Nge7 10. d4 Ng6 11. h4 h5 12. d5 Nce5 13. Nxe5 Nxe5 14.
Bf4 Ng6 15. Bg3 e5 16. d6 Bxe4 17. Re1 Bc6 18. Bxe5 O-O-O 19. Bg3 f5 20. Bf7 f4 21.
Bxg6 fxg3 22. fxg3 Qb6+ 23. Kh2 Qc5 24. Nd2 Qxd6 25.
Qc2 Be7 26. Kh3 Bf6 27. Be4 Rhe8 28. Bxc6 dxc6 29. Ne4 Qf8 30. Kh2 Be5 31. c4 b4 32.
Rab1 a5 33. a3 Qe7 34. Kg1 Bd4+ 35. Kh1 c5 36. axb4 axb4 37. Qa4 Qb7 38. Nd6+ Rxd6 39. Rxe8+ Rd8 40. Rxd8+ Kxd8 41. Re1 Qd7 42. Qa8+ Kc7 43.
Qa7+ Kd6 44. Qb6+ Qc6 45. Re6+ Kxe6 46. Qxc6+ Ke5 47. Qd5+ Kf6 48. Qxh5 g6 49. Qf3+ Ke5 50. g4 b3 51. Qxb3 Kf4 52. g5 Kg4 53. Qh3+ Kh5 54.
g4# 1-0

[Event "Early-Titled-Tuesday-Blitz-October-17-2023"]
[Site "Chess.com"]
[Date "2023.10.17"]
[Round "1"]
[White "Rosh1610"]
[Black "Makswolf200817"]
[Result "1-0"]
[WhiteElo "2442"]
[BlackElo "2702"]
[TimeControl "180+1"]
[EndTime "8:07:28 PDT"]
[Termination "Rosh1610 won on time"]

1. e4 c5 2. Nf3 d6 3. d4 cxd4 4. Nxd4 Nf6 5. Nc3 a6 6. Bc4 e6 7.
Bb3 b5 8. O-O Qb6 9. Be3 Qb7 10.
f3 Be7 11. a4 b4 12. Nce2 Nbd7 13. c4 Nc5 14. Bc2 O-O 15. b3 Rd8 16. Qe1 e5 17. Nf5 Bxf5 18. exf5 d5 19. cxd5 Nxd5 20. Bf2 Rac8 21.
Rd1 Bf6 22. Rd2 Bg5 23. Rd1 Ne3 24. Rxd8+ Rxd8 25. Bxe3 Bxe3+ 26. Kh1 Nd3 27. Qh4 Qb6 28. h3 Nf2+ 29. Kh2 Rd2 30. f6 Rxc2 31. Rxf2 Bxf2 32. Qe4 Rc8 33. Qg4 1-0

[Event "Early-Titled-Tuesday-Blitz-October-17-2023"]
[Site "Chess.com"]
[Date "2023.10.17"]
[Round "1"]
[White "HamedWafa4"]
[Black "Khuslen2008"]
[Result "1-0"]
[WhiteElo "2617"]
[BlackElo "2307"]
[TimeControl "180+1"]
[EndTime "8:07:28 PDT"]
[Termination "HamedWafa4 won on time"]

1. e4 c5 2. Nc3 e6 3. g3 d5 4.
exd5 exd5 5. Bg2 Nf6 6. Nf3 d4 7. Ne2 Bd6 8. O-O O-O 9. d3 Nc6 10. Bf4 Bg4 11. h3 Be6 12. Re1 Bd5 13. Bxd6 Qxd6 14. Nf4 Rfe8 15. Nxd5 Nxd5 16. Qd2 h6 17.
a3 b5 18. Rxe8+ Rxe8 19. Re1 Re6 20. Nh4 Nce7 21. Kh2 Re5 22. Nf3 Re6 23. Rxe6 Qxe6 24. Qa5 Qb6 25. Qe1 c4 26. Qe5 c3 27. b3 Qf6 28. Qxf6 gxf6 29. Nxd4 b4 30. a4 a6 31. Kg1 Kg7 32. Kf1 Kg6 33. Ke2 f5 34. f4 Kf6 35. a5 h5 36. Bf3 h4 37. gxh4 Nxf4+ 38. Ke3 Ned5+ 39. Bxd5 Nxd5+ 40. Kf3 Ke5 41. Nc6+ Kd6 42.
Nb8 Kc5 43. h5 Nf6 44. Nxa6+ Kb5 45. Nc7+ Kxa5 46. h6 Kb6 47. Nd5+ Nxd5 48. h7 Kc5 49. h8=Q f4 50. Qe5 f6 51. Qf5 Kd4 52. h4 Kc5 53. h5 Kd4 54. h6 Ne3 55. Qxf4+ 1-0

[Event "Early-Titled-Tuesday-Blitz-October-17-2023"]
[Site "Chess.com"]
[Date "2023.10.17"]
[Round "1"]
[White "NowInChess"]
[Black "chess_blitz00"]
[Result "0-1"]
[WhiteElo "2209"]
[BlackElo "2570"]
[TimeControl "180+1"]
[EndTime "8:07:28 PDT"]
[Termination "chess_blitz00 won on time"]

1. e4 d6 2. d3 Nf6 3. g3 b6 4.
Bg2 Bb7 5. f4 c5 6. Nf3 Nbd7 7.
O-O e6 8. Nc3 Be7 9. Qe2 a6 10.
a4 Qc7 11. Be3 d5 12. e5 Ng4 13. Bd2 h5 14. h3 Nh6 15. h4 Nf5 16. Kh2 Bc6 17.
Nd1 Nf8 18. c3 Ng6 19. Ne3 Nxe3 20. Bxe3 Bf8 21. d4 c4 22. Ng5 Ne7 23. Bh3 Bd7 24.
Bf2 Qc6 25. Bg2 Nf5 26. Rfc1 Be7 27. Qc2 f6 28. exf6 gxf6 29. Nf3 Rg8 30. Re1 Qc7 31.
Re2 O-O-O 32. Rae1 Bd6 33. Rxe6 Bxe6 34. Rxe6 Ng7 35.
Re2 Bxf4 36. Bh3+ Kb7 37. gxf4 Qxf4+ 38. Bg3 Qxf3 0-1

[Event "Early-Titled-Tuesday-Blitz-October-17-2023"]
[Site "Chess.com"]
[Date "2023.10.17"]
[Round "1"]
[White "Meribanov_Vitaly"]
[Black "crosky"]
[Result "1-0"]
[WhiteElo "2671"]
[BlackElo "2350"]
[TimeControl "180+1"]
[EndTime "8:07:29 PDT"]
[Termination "Meribanov_Vitaly won on time"]

1. e4 c6 2. d4 d5 3. Nc3 dxe4 4. Nxe4 Nf6 5. Nxf6+ exf6 6. Nf3 Bd6 7. Be2 O-O 8. O-O Re8 9. h3 Nd7 10. c3 Nf8 11.
Re1 Be6 12. Be3 Qd7 13. Qd2 Bxh3 14. gxh3 Qxh3 15. Bf4 Qg4+ 16. Bg3 Bxg3 17. fxg3 Qxg3+ 18. Kf1 Ng6 19. Ng1 Re4 20. Bf3 Rf4 21. Qf2 Qg5 22.
Re4 f5 23. Rxf4 Nxf4 24. Re1 h5 25. Re5 g6 26. Qe3 Qg3 27. Re8+ Rxe8 28. Qxe8+ Kg7 29. Qe1 Qxe1+ 30. Kxe1 g5 31. Ne2 Nxe2 32. Bxe2 g4 33. Kf2 f4 34. c4 Kf6 35. b4 Kg5 36. b5 cxb5 37. c5 Kf6 38. d5 Ke5 39. c6 Kd6 40.
cxb7 Kc7 41. Bxb5 Kxb7 42. Be8 g3+ 43. Kg2 h4 44. Bxf7 Kc7 45. Bh5 Kd6 46. Bf3 Ke5 47. Kh3 Kd6 48. Kxh4 1-0

[Event "Early-Titled-Tuesday-Blitz-October-17-2023"]
[Site "Chess.com"]
[Date "2023.10.17"]
[Round "1"]
[White "Ishowmoves57"]
[Black "JiaHaoxiang"]
[Result "0-1"]
[WhiteElo "2219"]
[BlackElo "2572"]
[TimeControl "180+1"]
[EndTime "8:07:30 PDT"]
[Termination "JiaHaoxiang won by resignation"]

1. e4 c5 2. Nf3 d6 3. Bb5+ Bd7 4.
Bxd7+ Qxd7 5. O-O Nc6 6. c3 Nf6 7. Qe2 e6 8. d3 Be7 9. a4 a6 10. Na3 O-O 11. Nc4 Qc7 12. Bf4 b5 13.
axb5 axb5 14. Ncd2 Nd7 15. d4 c4 16. d5 Nce5 17. Nxe5 Nxe5 18. Bxe5 dxe5 19. dxe6 fxe6 20. Nf3 Bc5 21. Ng5 Rxa1 22. Rxa1 Rxf2 23. Qxf2 Bxf2+ 24. Kxf2 Qc6 25. Rd1 Qb6+ 26. Kf1 h6 27. Nf3 Qe3 28. Re1 Qd3+ 29. Re2 Qd6 30. Ke1 b4 31. cxb4 Qxb4+ 32. Kf2 g5 33. h3 Kg7 34. Rc2 Kf6 35. Re2 h5 36. Nh2 Qc5+ 37. Kf1 Qd4 38. Nf3 Qd1+ 39. Kf2 g4 40. hxg4 hxg4 41. Ne1 Qd4+ 42. Kf1 Kg5 43. g3 Kf6 44. Kg2 Ke7 45. Kf1 Kd6 46. Kg2 Kc5 47. Kf1 Qd1 48. Kf2 Qd8 49. Kf1 Qf6+ 50. Kg2 Qh6 51.
Nc2 Qh3+ 52. Kf2 Qh2+ 53. Ke1 Qxg3+ 54. Kd2 Qd3+ 55. Ke1 g3 56. Ne3 Qxe4 57. Ng2 Qb1+ 58. Kd2 Qxb2+ 59. Ke3 Qc3+ 60. Ke4 Qd3+ 61. Kxe5 Qxe2+ 0-1

[Event "Early-Titled-Tuesday-Blitz-October-17-2023"]
[Site "Chess.com"]
[Date "2023.10.17"]
[Round "1"]
[White "Langua_Chess"]
[Black "MikaelyanArman"]
[Result "0-1"]
[WhiteElo "2503"]
[BlackElo "2871"]
[TimeControl "180+1"]
[EndTime "8:07:31 PDT"]
[Termination "MikaelyanArman won on time"]

1. e4 e5 2. Nf3 Nc6 3. Bb5 a6 4.
Ba4 Nf6 5. O-O Be7 6. d3 b5 7. Bb3 d6 8. a4 b4 9. a5 O-O 10. h3 Be6 11. Nbd2 Rb8 12. Bc4 Qc8 13. Kh2 Bxc4 14. Nxc4 Rb5 15. Bg5 h6 16. Bxf6 Bxf6 17. Nfd2 Bg5 18. Nb3 f5 19. Qe2 Qe6 20. Ne3 Bxe3 21.
Qxe3 Rbb8 22. Rae1 Rf7 23. f3 Rbf8 24. Kh1 Kh8 25. d4 fxe4 26. Qxe4 Qc4 27. dxe5 Nxe5 28. Qxc4 Nxc4 29. Re4 d5 30. Re6 Rf6 31. Rfe1 Nxb2 32.
Rxf6 Rxf6 33. Re8+ Kh7 34. Rc8 Rc6 35. Nd4 Rc4 36.
Ne6 Kg6 37. Rxc7 Na4 38. Rb7 Kf6 39. Nd8 Ke5 40. Ra7 Rxc2 41. Rxg7 b3 42. Rc7 Rxc7 0-1

[Event "Early-Titled-Tuesday-Blitz-October-17-2023"]
[Site "Chess.com"]
[Date "2023.10.17"]
[Round "1"]
[White "kritipatel"]
[Black "Zq1"]
[Result "1/2-1/2"]
[WhiteElo "2115"]
[BlackElo "2538"]
[TimeControl "180+1"]
[EndTime "8:07:31 PDT"]
[Termination "Game drawn by repetition"]

1. e4 c5 2. c3 d5 3. exd5 Nf6 4.
Bb5+ Bd7 5. Bxd7+ Qxd7 6. c4 e6 7. dxe6 Qxe6+ 8. Qe2 Nc6 9. Nc3 Nd4 10. Qxe6+ fxe6 11. Kd1 O-O-O 12. Nge2 Ng4 13. Ne4 Ne5 14. Nxd4 Rxd4 15.
f3 Nxc4 16. Ke2 b6 17. b3 Nd6 18. Bb2 Rd5 19. Rac1 Nxe4 20. fxe4 Rg5 21. g3 Kd7 22. d4 cxd4 23. Bxd4 Bc5 24. Rhd1 Ke7 25. Be3 Re5 26. Rc4 Bxe3 27. Kxe3 Rc5 28. Rcd4 Rc3+ 29. Kf4 Rf8+ 30. Kg4 Rc7 31. R1d2 Rf1 32. h3 Kf6 33. Rd8 Ke5 34. R8d4 Rcf7 35. Rb4 Rc7 36. Rbd4 g6 37. Rb4 h6 38. Rbd4 Rc5 39. Kh4 Kf6 40. Kg4 Rg5+ 41. Kh4 Rh5+ 42. Kg4 Rg5+ 43. Kh4 Rh5+ 44. Kg4 Rg5+ 1/2-1/2